 Dungeon Crawl Stone Soup version 0.28-a0-533-g9f97627e2a (webtiles) character file.

Game seed: 13641505480819315906

208 Conn the Firebug (level 5, -1/31 HPs)
             Began as an Octopode Fire Elementalist on Sept 26, 2021.
             Slain by an orc warrior (22 damage)
             ... on level 4 of the Dungeon.
             The game lasted 00:09:44 (4946 turns).

Conn the Firebug (Octopode Fire Elementalist)       Turns: 4946, Time: 00:09:45

Health: -1/31      AC:  1    Str:  7    XL:     5   Next: 86%
Magic:  0/9        EV: 13    Int: 18    God:
Gold:   196        SH:  0    Dex: 13    Spells: 3/10 levels left

rFire   . . .      SeeInvis .   c - staff of poison
rCold   . . .      Faith    .   (no shield)
rNeg    . . .      Spirit   .   (helmet restricted)
rPois   +          Reflect  .   (no amulet)
rElec   .          Harm     .   (no ring)
rCorr   .          Rampage  .   (no ring)
Will    .....                   (no ring)
Stlth   +++.......              (no ring)
HPRegen 0.10/turn               (no ring)
MPRegen 0.11/turn               (no ring)
                                (no ring)
                                (no ring)

@: no status effects
A: almost no armour, amphibious, 8 rings, camouflage 1, gelatinous body 1,
(nimble swimmer 1), tentacles
a: no special abilities


You were on level 4 of the Dungeon.
You visited 2 branches of the dungeon, and saw 5 of its levels.

You collected 196 gold pieces.

Inventory:

Hand Weapons
 b - a +0 short sword
Missiles
 i - 2 boomerangs of dispersal
Magical Staves
 c - a staff of poison (weapon)
Scrolls
 a - a scroll of blinking {unknown}
 e - 2 scrolls of teleportation {unknown}
 g - a scroll of enchant armour {unknown}
 h - 2 scrolls of identify {unknown}
 k - a scroll of fog {unknown}
 m - a scroll of fear {unknown}
 n - a scroll of enchant weapon {unknown}
Potions
 d - a potion of ambrosia {unknown}
 f - 2 potions of curing {unknown}
 j - a potion of haste {unknown}
 l - a potion of attraction {unknown}


   Skills:
 + Level 0.2 Fighting
 + Level 0.3 Staves
 + Level 2.2 Dodging
 + Level 3.1 Stealth
 + Level 3.0 Spellcasting
 * Level 2.8 Conjurations
 * Level 1.0 Hexes
 * Level 4.3 Fire Magic
 * Level 1.0 Poison Magic


You had 3 spell levels left.
You knew the following spells:

 Your Spells              Type           Power      Damage    Failure   Level
a - Foxfire               Conj/Fire      60%        2x1d7     3%          1
b - Conjure Flame         Conj/Fire      15%        6-21      11%         3
c - Inner Flame           Hex/Fire       12%        N/A       17%         3

Your spell library contained the following spells:

 Spells                   Type           Power      Damage    Failure   Level
 Scorch                   Fire           36%        2d6       4%          2
 Flame Wave               Conj/Fire      15%        3d5       36%         4
 Cause Fear               Hex            3%         N/A       71%         4
 Discord                  Hex            3%         N/A       100%        8


Dungeon Overview and Level Annotations

Branches:
Dungeon (4/15)             Temple (1/1) D:4

Altars:
Dithmenos
Elyvilon
Nemelex Xobeh
Okawaru
Qazlal
Uskayaw
Vehumet
Xom
Zin
The Shining One


Innate Abilities, Weirdness & Mutations

You cannot wear most types of armour.
You are amphibious.
You can wear up to eight rings at the same time.
Your skin changes colour to match your surroundings (Stealth+).
Your rubbery body absorbs attacks. (AC +1, EV +1)
((You are camouflaged near water. (Stealth+)))
You have tentacles for arms and can constrict up to eight enemies at once.


Message History

Your Hexes skill increases to level 1!
Casting: Foxfire (safe; 3% risk of failure)
Confirm with . or Enter, or press ? or * to list all spells.
You conjure some foxfire!
The orc warrior shouts!
Unknown command.
The foxfire hits the orc warrior but does no damage.
Unknown command.
Casting: Foxfire (safe; 3% risk of failure)
Confirm with . or Enter, or press ? or * to list all spells.
You conjure some foxfire!
The foxfire hits the orc warrior but does no damage.
Unknown command.
Your foxfire dissipates!
The foxfire hits the orc warrior.
The orc warrior is lightly wounded.
An iguana and a necrophage come into view.
Casting: Foxfire (safe; 3% risk of failure)
Confirm with . or Enter, or press ? or * to list all spells.
The spell is quite dangerous to cast (17% risk of failure)!
Continue anyway?
Aiming: Inner Flame (quite dangerous; 17% risk of failure)
Press: ? - help, Shift-Dir - straight line, f - orc warrior
Aim: an orc warrior, wielding a +0 flail and wearing a +0 plate armour (chance to affect: 64%)
The orc warrior is filled with an inner flame.
Casting: Inner Flame (quite dangerous; 17% risk of failure)
Confirm with . or Enter, or press ? or * to list all spells.
You conjure some foxfire!
The foxfire hits the orc warrior but does no damage. x2
Unknown command.
Casting: Foxfire (safe; 3% risk of failure)
Confirm with . or Enter, or press ? or * to list all spells.
You conjure some foxfire!
The orc warrior hits you with a +0 flail!
The foxfire hits the orc warrior but does no damage. x2
Casting: Foxfire (safe; 3% risk of failure)
Confirm with . or Enter, or press ? or * to list all spells.
You conjure some foxfire!
The orc warrior hits you with a +0 flail!!
Ouch! That really hurt!
You die...

# #######.########## ###
#..........v.o...#####.######
#####...........@##......#.......
#...#...........v##...........###
......................>..........
#...#............#...............
#...###############...........##.
...........................#####.
....###########..#####.###.# #.
..### #..# #.# #.# #. ..# ##.#
#.# #.# #.


You could see an orc warrior (inner flame, ally target).

Vanquished Creatures
  A phantom (D:3)
  An orc wizard (D:4)
  3 adders
  A worm (D:2)
  4 dart slugs
  2 orcs (D:4)
  5 endoplasms
  2 giant cockroaches
  6 goblins
  8 hobgoblins
  5 jackals
  3 quokkas
  5 ball pythons
  7 bats
  3 frilled lizards
  7 kobolds
  A quokka skeleton (D:4)
  6 rats
70 creatures vanquished.

Vanquished Creatures (others)
  189 foxfires
189 creatures vanquished.

Grand Total: 259 creatures vanquished

Notes
Turn   | Place    | Note
-------+----------+-------------------------------------------
     0 | D:1      | Conn the Octopode Fire Elementalist began the quest for the
                  | Orb.
     0 | D:1      | Reached XP level 1. HP: 11/11 MP: 3/3
   231 | D:1      | Reached XP level 2. HP: 4/17 MP: 0/5
   914 | D:1      | Reached XP level 3. HP: 5/21 MP: 0/6
  1143 | D:1      | Found a faded altar of an unknown god.
  1143 | D:1      | Noticed an eye of devastation
  1147 | D:1      | Noticed a great orb of eyes
  1160 | D:1      | Noticed a golden eye
  1164 | D:1      | Noticed a shining eye
  1897 | D:2      | Found a sparkling altar of Nemelex Xobeh.
  2160 | D:2      | Reached XP level 4. HP: 27/27 MP: 1/7
  3180 | D:3      | Noticed a phantom
  3868 | D:3      | Learned a level 3 spell: Conjure Flame
  3872 | D:3      | Learned a level 3 spell: Inner Flame
  4077 | D:3      | Killed a phantom
  4078 | D:3      | Reached skill level 4 in Fire Magic
  4078 | D:3      | Reached XP level 5. HP: 12/31 MP: 4/9
  4727 | D:4      | Found a staircase to the Ecumenical Temple.
  4737 | Temple   | Entered the Ecumenical Temple
  4916 | D:4      | Reached skill level 1 in Poison Magic
  4919 | D:4      | Noticed an orc warrior
  4920 | D:4      | Reached skill level 1 in Hexes
  4924 | D:4      | Noticed a necrophage
  4946 | D:4      | Slain by an orc warrior

Illustrated notes

Levels and vault maps discovered:
D:1:      co_arrival_random_square_maze, layout_loops_ring,
          hellmonk_ecumenical_altar_watching_god, st_stairs_9
D:2:      layout_loops_corners, basic_altar, hangedman_decor_clover_reticule,
          hangedman_glass_teeth
D:3:      layout_loops_corners
D:4:      layout_basic, led_sif_book, temple_hall
Temple:   compressed_dpeg_triangle_lava_temple

Skill      XL: |  1  2  3  4  5 |
---------------+----------------+-----
Conjurations   | 2 |  2.8
Stealth        | 3 |  3.1
Fire Magic     | 4 |  4.3
Spellcasting   | 3 |  3.0
Poison Magic   | 1 |  1.0
Hexes          | 1 |  1.0
Fighting       | |  0.2
Staves         | |  0.3
Dodging        | |  2.2

Action                   |  1- 3 |  4- 6 || total
-------------------------+-------+-------++-------
Melee: Staff             |    18 |    19 ||    37
       Unarmed           |     3 |       ||     3
       Constrict         |     7 |     5 ||    12
       Tentacles         |     3 |     3 ||     6
 Cast: Foxfire           |    55 |    62 ||   117
       Inner Flame       |       |     5 ||     5
 Stab: Sleeping          |     1 |       ||     1
Armor: Skin              |     2 |     1 ||     3
Dodge: Dodged            |    24 |    10 ||    34

Table legend: (Time is in decaauts)
 A = Elapsed time spent in this place.
 B = Non-inter-level travel time spent in this place.
 C = Inter-level travel time spent in this place.
 D = Time resting spent in this place.
 E = Time spent auto-exploring this place.
 F = Levels seen in this place.
 G = Mean time per level.
                   A        B        C        D        E       F      G
               +--------+--------+--------+--------+--------+-----+--------+
         Total |   4951 |   4888 |     63 |      0 |   3745 |   5 |  990.2 |
       Dungeon |   4874 |   4820 |     54 |      0 |   3745 |   4 | 1218.5 |
        Temple |     76 |     67 |      9 |      0 |      0 |   1 |   76.0 |
               +--------+--------+--------+--------+--------+-----+--------+

Top non-repeatable levels by time:
     D:1: 1677 daAuts
     D:3: 1652 daAuts
     D:2: 1184 daAuts
     D:4: 360 daAuts
  Temple: 76 daAuts
